 Dungeon Crawl Stone Soup version 0.29.1-13-g9f3cf754e1 (webtiles) character file.

Game seed: 10665229522992719487

35 hawla the Chiller (level 3, -7/26 HPs)
             Began as a Meteoran Ice Elementalist on Jan 21, 2023.
             Mangled by a worm (9 damage)
             ... on level 3 of the Dungeon.
             The game lasted 00:00:57 (184 turns).

hawla the Chiller (Meteoran Ice Elementalist)        Turns: 184, Time: 00:00:58

Health: -7/26      AC:  2    Str: 10    XL:     3   Next: 79%
Magic:  8/8        EV: 12    Int: 18    God:
Gold:   28         SH:  0    Dex: 14    Spells: 7/8 levels left

rFire   . . .      SeeInvis .   (no weapon)
rCold   . . .      Faith    .   (no shield)
rNeg    . . .      Spirit   .   a - +0 robe
rPois   .          Reflect  .   (no helmet)
rElec   .          Harm     .   (no cloak)
rCorr   .          Rampage  .   (no gloves)
Will    .....                   (no boots)
Stlth   +.........              (no amulet)
HPRegen 0.08/turn               (no ring)
MPRegen 0.11/turn               (no ring)

@: glowing, invisible (but backlit and visible)
A: sense surroundings 1, otherworldly, glowing, explore regen
a: no special abilities


You were on level 3 of the Dungeon.
You visited 1 branch of the dungeon, and saw 3 of its levels.

You collected 28 gold pieces.

Inventory:

Armour
 a - a +0 robe (worn)
Potions
 d - a potion of brilliance


   Skills:
 + Level 2.6 Dodging
 - Level 1.4 Stealth
 + Level 3.3 Spellcasting
 + Level 5.2 Ice Magic


You had 7 spell levels left.
You knew the following spells:

 Your Spells              Type           Power      Damage    Failure   Level
a - Freeze                Ice            84%        1d10      1%          1

Your spell library contained the following spells:

 Spells                   Type           Power      Damage    Failure   Level
 Frozen Ramparts          Ice            42%        1d7       5%          3
 Ozocubu's Armour         Ice            21%        N/A       5%          3
 Hailstorm                Conj/Ice       12%        3d5       47%         4


Dungeon Overview and Level Annotations

Branches:
Dungeon (3/15) Zot: 1615

Altars:


Innate Abilities, Weirdness & Mutations

You passively map a small area around you.
You are easily found by Zot.
You glow in the dark.
You regain HP and MP as you explore.


Message History

Casting: Freeze (safe; 2% risk of failure)
Confirm with . or Enter, or press ? or * to list all spells.
Okay, then.
Casting: Freeze (safe; 2% risk of failure)
Confirm with . or Enter, or press ? or * to list all spells.
Aiming: Freeze (safe; 2% risk of failure)
Press: ? - help, Shift-Dir - straight line You freeze something!
Something hits you but does no damage.
An orc wizard comes into view. It is wielding a +0 dagger.
Unknown command.
Casting: Freeze (safe; 2% risk of failure)
Confirm with . or Enter, or press ? or * to list all spells.
Aiming: Freeze (safe; 2% risk of failure)
Press: ? - help, Shift-Dir - straight line You freeze something.
The orc wizard shouts!
Something hits you.
Unknown command.
Casting: Freeze (safe; 2% risk of failure)
Confirm with . or Enter, or press ? or * to list all spells.
Aiming: Freeze (safe; 2% risk of failure)
Press: ? - help, Shift-Dir - straight line You freeze something.
Reactivating autopickup.
You feel a bit more experienced. The worm bites you!
* * * LOW HITPOINT WARNING * * *
A goblin comes into view.
It is wielding a +1 dagger of protection.
Your Spellcasting skill increases to level 3!
Your Ice Magic skill increases to level 5!
You have reached level 3!
Your experience leads to an increase in your attributes!
Increase (S)trength, (I)ntelligence, or (D)exterity?
You feel clever. x2; You feel stronger.
It was a potion of invisibility.
You become transparent, but the glow from your body prevents you from becoming completely invisible.
The goblin shouts!
The orc hits you with a +0 hand axe.
* * * LOW HITPOINT WARNING * * *
Magic courses through your body. The worm bites you!
You die...

##########..######
.................#
###########.####.#
#.# #.# #.# #.#
#w# #.# #.# #.#
#.# #w# #.# #@#
#.# #o# * *oJ# *
#r## , #. * #. ..
, * .. ,* , *


You could see a worm, an orc wizard, an orc, an endoplasm and a quokka.

Vanquished Creatures
  An orc wizard (D:3)
  An adder (D:3)
  An orc (D:3)
3 creatures vanquished.

Notes
Turn   | Place    | Note
-------+----------+-------------------------------------------
     0 | D:1      | hawla the Meteoran Ice Elementalist began the quest for the
                  | Orb.
     0 | D:1      | Reached XP level 1. HP: 14/14 MP: 5/5
     4 | D:1      | Noticed a large abomination
     4 | D:1      | Noticed a shadow dragon
     6 | D:1      | Noticed an orb of fire
     7 | D:1      | Noticed a shadow dragon
     8 | D:1      | Noticed a shadow dragon
    15 | D:1      | Noticed an ice dragon
    15 | D:1      | Noticed a large abomination
    17 | D:1      | Noticed a yellow draconian
    17 | D:1      | Noticed an iron dragon
    17 | D:1      | Noticed an ice dragon
   124 | D:3      | Reached XP level 2. HP: 18/20 MP: 3/6
   183 | D:3      | Reached skill level 5 in Ice Magic
   183 | D:3      | Reached XP level 3. HP: 7/26 MP: 1/8
   183 | D:3      | HP: 1/26 [orc/+0 hand axe (6)]
   184 | D:3      | Mangled by a worm

Illustrated notes

Levels and vault maps discovered:
D:1:      shiori_arrival_whats_in_store_for_you, layout_basic,
          hellmonk_ecumenical_altar_blasted
D:2:      layout_basic, basic_altar, minmay_joined_circles, uniq_robin
D:3:      layout_loops_ring, uniq_crazy_yiuf_cottage, uniq_ijyb

Skill      XL: |  1  2 |
---------------+-------+-----
Spellcasting   | 3 |  3.3
Ice Magic      | 5 |  5.2
Dodging        | |  2.6
Stealth        | |  1.4

Action                   || total
-------------------------++-------
 Cast: Freeze            ||     7
  Use: Scroll            ||     1
       Potion            ||     2
Armor: Robe              ||     1
Dodge: Dodged            ||     1
